 Dungeon Crawl Stone Soup version 0.27-a0-1456-gf5a116941d (webtiles) character file.

Game seed: 10951591035963441255

198 epicjoe the Covered (level 5, -2/47 HPs)
             Began as a Minotaur Fighter on July 6, 2021.
             Slain by a lemure (4 damage)
             ... led by Pikel
             ... on level 4 of the Dungeon.
             The game lasted 00:11:57 (2187 turns).

epicjoe the Covered (Minotaur Fighter)              Turns: 2187, Time: 00:11:58

Health: -2/47      AC: 11    Str: 21    XL:     5   Next: 47%
Magic:  4/4        EV:  5    Int:  5    God:
Gold:   126        SH:  9    Dex: 10    Spells: 4/4 levels left

rFire    . . .     SeeInvis .   a - +0 war axe
rCold    . . .     Faith    .   c - +0 kite shield
rNeg     . . .     Spirit   .   l - +0 chain mail
rPois    .         Reflect  .   (helmet restricted)
rElec    .         Harm     .   (no cloak)
rCorr    .         Rampage  .   (no gloves)
Will     .....                  t - +0 pair of boots
Stlth    ..........             (no amulet)
HPRegen  0.15/turn              (no ring)
MPRegen  0.09/turn              (no ring)

@: no status effects
A: horns 2, retaliatory headbutt
a: no special abilities


You were on level 4 of the Dungeon.
You visited 1 branch of the dungeon, and saw 4 of its levels.

You collected 126 gold pieces.

Inventory:

Hand Weapons
 a - a +0 war axe (weapon)
 p - a +1 spear of flaming
Armour
 b - a +0 scale mail
 c - a +0 kite shield (worn)
 l - a +0 chain mail (worn)
 t - a +0 pair of boots (worn)
Jewellery
 e - a ring of magical power
Wands
 s - a wand of mindburst (11)
Scrolls
 f - 4 scrolls of identify {unknown}
 i - 2 scrolls of enchant weapon {unknown}
 m - a scroll of magic mapping {unknown}
 n - a scroll of fog {unknown}
 q - 2 scrolls of teleportation {unknown}
 r - a scroll of vulnerability {unknown}
 u - a scroll of acquirement {unknown}
Potions
 d - a potion of might
 g - a potion of invisibility {unknown}
 h - a potion of heal wounds {unknown}
 j - a potion of lignification {unknown}
 k - a potion of flight {unknown}
 o - a potion of attraction {unknown}


   Skills:
 + Level 4.5 Fighting
 + Level 4.2 Axes
 + Level 5.4 Armour
 + Level 0.3 Dodging
 + Level 4.3 Shields


You had 4 spell levels left.
You didn't know any spells.
Your spell library contained the following spells:

 Spells                   Type           Power      Damage    Failure   Level
 Summon Ice Beast         Ice/Summ       0%         N/A       100%        4
 Summon Mana Viper        Hex/Summ       0%         N/A       100%        5
 Monstrous Menagerie      Summ           0%         N/A       100%        7


Dungeon Overview and Level Annotations

Branches:
Dungeon (4/15)
 Temple: D:4-7

Altars:
Wu Jian

Shops:
D:2 *   D:4 *

Annotations:
D:4 Pikel


Innate Abilities, Weirdness & Mutations

You have a pair of horns on your head.
You reflexively headbutt those who attack you in melee.


Message History

You block the scorpion's attack.
The scorpion stings you but does no damage.
You closely miss the scorpion.
You headbutt the scorpion, but do no damage.
The scorpion is almost dead.
The scorpion stings you but does no damage.
The scorpion stings you.
You completely miss the scorpion.
The scorpion is almost dead.
You block the scorpion's attack. The scorpion closely misses you.
You slash the scorpion!
You kill the scorpion!
Your Axes skill increases to level 4!
A lemure and Pikel come into view.
Pikel is wielding a +1 whip of electrocution.
Pikel shouts!
A lemure comes into view. x2
The lemure shouts!
You miss the lemure. You barely miss Pikel.
Pikel hits you with a +1 whip of electrocution.
You are electrocuted!
You block the lemure's attack.
Pikel hits you with a +1 whip of electrocution.
The lemure hits you.
You miss the lemure.
Your chain mail prevents you from hitting Pikel.
You hit the lemure but do no damage. Pikel hits you but does no damage.
The lemure hits you but does no damage. x2
You hit the lemure. You headbutt the lemure!
The lemure is heavily wounded.
You hit the lemure but do no damage. You hit Pikel but do no damage.
Pikel hits you but does no damage. The lemure barely misses you.
The lemure hits you! The lemure barely misses you. You block Pikel's attack.
You closely miss Pikel. Your headbutt misses Pikel. You slash the lemure!
You hit the lemure. You block the lemure's attack. Pikel barely misses you.
The lemure hits you but does no damage. The lemure barely misses you.
You miss Pikel. You miss the lemure. You hit the lemure.
Pikel hits you but does no damage.
You are electrocuted!
* * * LOW HITPOINT WARNING * * *
The lemure hits you.
You die...

#..........# #..........#
#..........# ### #..........#
#<. #..........# ###
######.##### #### #+.
##..##.########## #...
.....###....#.......)..# #.##
......∩......5@#######.#####.#.
.)...###†....K5# #.......#. ...
#..#.....5# ########## .
#.....##....# .............)#
..............# ..............#
..............# .......>......#


You could see Pikel and 3 lemures.

Vanquished Creatures
  A lemure (D:4)
  A scorpion (D:4)
  Natasha (D:4)
  5 adders
  A worm (D:2)
  3 dart slugs
  2 bats
  3 endoplasms
  3 giant cockroaches
  7 goblins
  4 hobgoblins (D:1)
  4 jackals
  5 quokkas
  4 ball pythons
  5 frilled lizards
  3 kobolds
  10 rats
62 creatures vanquished.

Notes
Turn   | Place    | Note
-------+----------+-------------------------------------------
     0 | D:1      | epicjoe the Minotaur Fighter began the quest for the Orb.
     0 | D:1      | Reached XP level 1. HP: 19/19 MP: 0/0
   135 | D:1      | Reached XP level 2. HP: 27/27 MP: 1/1
   409 | D:2      | Found a faded altar of an unknown god.
   435 | D:2      | Found Wileucw's Assorted Antiques.
   638 | D:1      | Reached XP level 3. HP: 33/33 MP: 2/2
   651 | D:1      | Reached skill level 4 in Armour
  1232 | D:2      | Found an ornate altar of the Wu Jian Council.
  1241 | D:2      | Reached XP level 4. HP: 26/40 MP: 3/3
  2017 | D:4      | Found Soiq's Neck Hole.
  2022 | D:4      | Noticed Natasha
  2028 | D:4      | Killed Natasha
  2029 | D:4      | Reached skill level 5 in Armour
  2043 | D:4      | Noticed a lemure
  2068 | D:4      | Reached XP level 5. HP: 36/47 MP: 4/4
  2073 | D:4      | Killed a lemure
  2179 | D:4      | Noticed Pikel
  2179 | D:4      | Noticed a lemure
  2179 | D:4      | Noticed a lemure
  2179 | D:4      | Noticed a lemure
  2187 | D:4      | HP: 2/47 [Pikel (13)]
  2187 | D:4      | Slain by a lemure

Illustrated notes

Levels and vault maps discovered:
D:1:      dpeg_arrival_ratfight, layout_basic
D:2:      layout_basic, hellmonk_ecumenical_altar_crossroads, serial_shops,
          shop_statue, basic_altar
D:3:      layout_loops_ring
D:4:      minmay_chambers_of_fours, layout_basic, serial_shops, shop_fountains,
          corexii_item_surrounded_by_moat, nicolae_shop_sticking_my_neck_out,
          uniq_pikel, uniq_natasha

Skill      XL: |  1  2  3  4  5 |
---------------+----------------+-----
Fighting       | 4 |  4.5
Shields        | 4 |  4.3
Axes           | 3 4 |  4.2
Armour         | 4 5 |  5.4
Dodging        | |  0.3

Action                   |  1- 3 |  4- 6 || total
-------------------------+-------+-------++-------
Melee: War axe           |    72 |    58 ||   130
       Headbutt          |    11 |    13 ||    24
Armor: Scale mail        |    16 |       ||    16
       Chain mail        |    21 |    47 ||    68
Dodge: Dodged            |    20 |    17 ||    37
Block: Kite shield       |    40 |    36 ||    76

Table legend: (Time is in decaauts)
 A = Elapsed time spent in this place.
 B = Non-inter-level travel time spent in this place.
 C = Inter-level travel time spent in this place.
 D = Time resting spent in this place.
 E = Time spent auto-exploring this place.
 F = Levels seen in this place.
 G = Mean time per level.
                   A        B        C        D        E       F      G
               +--------+--------+--------+--------+--------+-----+--------+
         Total |   2267 |   2237 |     30 |     85 |    286 |   4 |  566.8 |
       Dungeon |   2267 |   2237 |     30 |     85 |    286 |   4 |  566.8 |
               +--------+--------+--------+--------+--------+-----+--------+

Top non-repeatable levels by time:
     D:2: 903 daAuts
     D:1: 785 daAuts
     D:3: 348 daAuts
     D:4: 230 daAuts
